 Dungeon Crawl Stone Soup version 0.23-a0-299-g9a66eeb (webtiles) character file.

146 Amnesiac the Ducker (level 5, -6/27 HPs)
             Began as a Spriggan Fighter on Oct 6, 2018.
             Shot with an arrow by a centaur (9 damage)
             ... on level 5 of the Dungeon.
             The game lasted 00:06:24 (1666 turns).

Amnesiac the Ducker (Spriggan Fighter)              Turns: 1666, Time: 00:06:25

Health: -6/27      AC:  2    Str: 13    XL:     5   Next: 7%
Magic:  6/6        EV: 19    Int:  9    God:
Gold:   109        SH:  7    Dex: 16    Spells: 4/4 levels left

rFire    . . .     SeeInvis +   a - +0 rapier
rCold    . . .     Gourm    .   c - +0 buckler
rNeg     . . .     Faith    .   h - +0 robe
rPois    .         Spirit   .   (helmet restricted)
rElec    .         Reflect  .   (no cloak)
rCorr    .         Harm     .   (gloves unavailable)
MR       .....                  (boots unavailable)
Stlth    ++........             (no amulet)
HPRegen  0.09/turn              (no ring)
MPRegen  0.10/turn              (no ring)

@: very quick
A: very small, unfitting armour, see invisible, herbivore, speed 3, slow
metabolism 2
a: no special abilities


You were on level 5 of the Dungeon.
You were not hungry.

You visited 2 branches of the dungeon, and saw 8 of its levels.

You collected 109 gold pieces.

Inventory:

Hand Weapons
 a - a +0 rapier (weapon)
Armour
 c - a +0 buckler (worn)
 h - a +0 robe (worn)
Jewellery
 e - a cursed amulet of inaccuracy {unknown}
Scrolls
 b - a scroll of remove curse {!r}
 g - a scroll of enchant armour {!r}
Potions
 i - a potion of agility {!q}
Comestibles
 f - 5 rations


   Skills:
 - Level 2.4 Fighting
 - Level 3.1 Short Blades
 - Level 4.4 Dodging
 + Level 2.6 Stealth
 - Level 3.7 Shields


You had 4 spell levels left.
You didn't know any spells.
Your spell library was empty.

Dungeon Overview and Level Annotations

Branches:
Dungeon (7/15)             Temple (1/1) D:7

Altars:
Dithmenos
Elyvilon
Fedhas
Gozag
Kikubaaqudgha
Makhleb
Nemelex Xobeh
Okawaru
Qazlal
Ru
Sif Muna
Vehumet
Wu Jian
Xom
Yredelemnul

Shops:
D:4 }

Annotations:
D:5 Pikel


Innate Abilities, Weirdness & Mutations

You are very small and have problems with some larger weapons.
You are too small for most types of armour.
You have supernaturally acute eyesight. (SInv)
You are a herbivore.
You cover ground extremely quickly.
You need to consume almost no food.


Message History

There is a stone staircase leading down here.
Found a scroll of remove curse.
b - a scroll of remove curse {!r}
There are no items here.
Search for what [? for help]? gold Unknown command.
Search for what [Enter for "gold", or ? for help]?
Unknown command.
The slave completely misses you. The slave barely misses you.
There is a stone staircase leading up here.
You see here a +0 robe.
You climb upwards.
Level annotation: Pikel The ogre shouts!
You hear a bark!
There is a stone staircase leading down here.
Search for what [Enter for "gold", or ? for help]?
Unknown command.
An orc comes into view. It is wielding a flail.
The orc shouts!
The hound barks!
The hound bites you.
You see here a trident.
A gnoll comes into view. It is wielding a whip.
The gnoll shouts!
You see here 9 gold pieces.
You now have 96 gold pieces (gained 9).
The hound misses you.
A gnoll comes into view. It is wielding a spear.
You block the hound's attack.
A gnoll comes into view. It is wielding a hand axe.
The gnoll closely misses you.
The gnoll shouts!
Search for what [Enter for "gold", or ? for help]?
Unknown command.
Unknown command.
Unknown command.
Search for what [Enter for "gold", or ? for help]?
The hound completely misses you.
The gnoll shouts!
A hungry ghost comes into view.
An orc comes into view. It is wielding a war axe.
The orc moves out of view.
An orc comes into view. It is wielding a dagger.
The hungry ghost misses you.
The orc shouts!
The centaur shouts!
The centaur shoots an arrow.
The arrow hits you.
You see here an arrow.
The centaur shoots an arrow.
The arrow hits you!
* * * LOW HITPOINT WARNING * * *
Found a scroll of identify.
Things that are here:
an arrow; 13 gold pieces You now have 109 gold pieces (gained 13).
The centaur shoots an arrow.
The arrow closely misses you.
The orc drinks a potion.
The orc seems to speed up.
Okay, then.
Okay, then.
The centaur shoots an arrow.
The arrow hits you!
* * * LOW HITPOINT WARNING * * *
You see here an arrow.
The centaur shoots an arrow.
The arrow closely misses you.
The centaur shoots an arrow.
The arrow hits you!
You die...

......>......#(S..c...#
######.#####.##(......#
#.# #.(c....# #.#
#.......# #.# #..##.###
#.# #..##.##### #.#
##......... #.#
#..###.### #@?#
p........# ....##...##
## #...### #...# #...#
#.... #....


You could see a slave (wandering) and a centaur.

Vanquished Creatures
  A water moccasin (Temple)
  An iguana (D:4)
  A worm (D:4)
  A dart slug (D:1)
  An orc (Temple)
  3 giant cockroaches
  A quokka (D:3)
  A frilled lizard (D:1)
  2 kobolds (D:1)
12 creatures vanquished.

Notes
Turn   | Place    | Note
-------+----------+-------------------------------------------
     0 | D:1      | Amnesiac the Spriggan Fighter began the quest for the Orb.
     0 | D:1      | Reached XP level 1. HP: 11/11 MP: 2/2
    92 | D:1      | Reached skill level 1 in Stealth
   188 | D:3      | Reached XP level 2. HP: 11/16 MP: 3/3
   296 | D:4      | Found Afulatea's Gadget Emporium.
   598 | D:4      | Reached XP level 3. HP: 18/19 MP: 4/4
   630 | D:5      | Entered Level 5 of the Dungeon
   798 | D:5      | Noticed a scorpion
   800 | D:5      | Noticed a phantom
  1028 | D:5      | Noticed a slave
  1028 | D:5      | Noticed a slave
  1028 | D:5      | Noticed a centaur
  1029 | D:5      | Noticed Pikel
  1029 | D:5      | Noticed a slave
  1029 | D:5      | Noticed a slave
  1030 | D:5      | Noticed a scorpion
  1046 | D:5      | Noticed an ogre
  1131 | D:6      | Noticed a bullfrog
  1219 | D:7      | Found a staircase to the Ecumenical Temple.
  1225 | D:7      | Noticed a water moccasin
  1233 | Temple   | Entered the Ecumenical Temple
  1260 | Temple   | Killed a water moccasin
  1260 | Temple   | Reached XP level 4. HP: 7/23 MP: 5/5
  1260 | Temple   | Reached XP level 5. HP: 8/27 MP: 6/6
  1643 | D:5      | Noticed a hungry ghost
  1666 | D:5      | Shot with an arrow by a centaur

Vault maps used:
D:1:      giann_bridges
D:2:      cheibriados_altar_1
D:3:      first_ration, serial_park_tiny_1, nrook_mini_backslash, st_stairs_6
D:4:      tgw_trog, gammafunk_temple_overflow_elements, serial_shops, shop,
          nicolae_shop_waterfront, shop, shop, nicolae_shop_statue_plus,
          nicolae_gozag_seed_capital
D:5:      lemuel_doored_altar, uniq_pikel, uniq_blork_the_orc
D:6:      hangedman_abyss_or_decor_stabs, uniq_crazy_yiuf_cottage
D:7:      tso_metal_star, minmay_temple_entry_butterflies, serial_shops,
          nicolae_shop_statue_plus, fedhas_altar_2
Temple:   nicolae_temple_no_exploring_needed

Skill      XL: |  1  2  3 |
---------------+----------+-----
Stealth        | 1 2 |  2.6
Short Blades   | 3 |  3.1
Shields        | 3 |  3.7
Fighting       | |  2.4
Dodging        | |  4.4

Action                   |  1- 3 |  4- 6 || total
-------------------------+-------+-------++-------
Melee: Rapier            |    47 |     5 ||    52
  Use: Potion            |     6 |       ||     6
       Scroll            |     4 |       ||     4
 Stab: Sleeping          |     4 |       ||     4
Armor: Robe              |     1 |       ||     1
       Skin              |     4 |       ||     4
Dodge: Dodged            |    45 |     8 ||    53
Block: Buckler           |    12 |     3 ||    15

Table legend:
 A = Non-vault XP
 B = Vault XP
 C = Vault XP percentage of total XP
 D = Non-vault monster count
 E = Vault monster count
 F = Vault count percentage of total count
                 A         B        C        D         E       F
            +---------+---------+-------+---------+---------+-------
      Total |     209 |       0 |   0.0 |      12 |       0 |   0.0
            +---------+---------+-------+---------+---------+-------
        D:1 |       9 |       0 |   0.0 |       5 |       0 |   0.0
        D:3 |       4 |       0 |   0.0 |       2 |       0 |   0.0
        D:4 |      40 |       0 |   0.0 |       2 |       0 |   0.0
        D:5 |       2 |       0 |   0.0 |       1 |       0 |   0.0
     Temple |     154 |       0 |   0.0 |       2 |       0 |   0.0
            +---------+---------+-------+---------+---------+-------
